 Dungeon Crawl Stone Soup version 0.24-a0-506-g958ff8eaa0 (webtiles) character file.

Game seed: 6694627473918505929

3644 Essalna the Fighter (level 9, -6/75 HPs)
             Began as a Mummy Wizard on July 18, 2019.
             Was a Follower of Ashenzari.
             Mangled by a wolf (10 damage)
             ... on level 1 of the Lair of Beasts.
             The game lasted 00:21:28 (8333 turns).

Essalna the Fighter (Mummy Wizard)                  Turns: 8333, Time: 00:21:29

Health: -6/75      AC: 16    Str: 10    XL:     9   Next: 88%
Magic:  15/15      EV: 10    Int: 21    God:    Ashenzari [*.....]
Gold:   19         SH:  3    Dex: 10    Spells: 15/16 levels left

rFire    x . .     SeeInvis .   z - +1 hand axe (elec)
rCold    + + .     Gourm    .   B - +0 buckler
rNeg     + + +     Faith    .   v - +0 scale mail
rPois    ∞         Spirit   .   h - +0 helmet
rElec    .         Reflect  .   C - +0 cloak of the Elven Halls {Regen+ Stlth+}
rCorr    .         Harm     +   (no gloves)
MR       +....                  i - +0 pair of boots
Stlth    +.........             t - amulet of harm
HPRegen  0.62/turn              e - +5 ring of protection (curse)
MPRegen  0.14/turn              w - ring of protection from cold

@: no status effects
A: no food or potions, fire vulnerability, cold resistance 1, negative energy
resistance 3, torment resistance, unbreathing
a: Curse Item, Scrying, Renounce Religion


You were on level 1 of the Lair of Beasts.
You worshipped Ashenzari.
Ashenzari was aware of your devotion.
You were not hungry.

You visited 3 branches of the dungeon, and saw 10 of its levels.

You collected 424 gold pieces.
You spent 405 gold pieces at shops.

Inventory:

Hand Weapons
 d - a +0 dagger
 g - a +0 dagger of draining
 k - a +3 short sword of speed
 z - a +1 hand axe of electrocution (weapon)
Missiles
 c - 32 poisoned darts (quivered)
Armour
 a - a +0 robe
 b - a +0 hat
 h - a +0 helmet (worn)
 i - a +0 pair of boots (worn)
 r - a +2 hat
 v - a +0 scale mail (worn)
 B - a +0 buckler (worn)
 C - the +0 cloak of the Elven Halls (worn) {Regen+ Stlth+}
   (You bought it in a shop on level 8 of the Dungeon)

   It increases your rate of regeneration.
   It makes you more stealthy.
Jewellery
 e - a cursed +5 ring of protection (left hand)
 s - an uncursed ring of flight
 t - an amulet of harm (around neck)
 w - a ring of protection from cold (right hand)
 y - an uncursed amulet of faith
Wands
 m - a wand of iceblast (10)
 q - a wand of clouds (6)
Scrolls
 f - 9 scrolls of identify
 j - 2 scrolls of fear
 l - a scroll of immolation
 n - 2 scrolls of random uselessness
 o - 2 scrolls of enchant weapon
 p - 5 scrolls of blinking
 u - 3 scrolls of teleportation {unknown}
 x - 2 scrolls of magic mapping {unknown}
 A - a scroll of amnesia {unknown}


   Skills:
 + Level 8.5 Fighting
 + Level 5.8 Armour
 + Level 6.2 Dodging
 - Level 1.5 Stealth
 + Level 0.8 Shields
 - Level 3.7 Unarmed Combat
 - Level 4.0 Spellcasting
 - Level 0.7 Conjurations
   Level 0.7 Summonings
   Level 0.7 Translocations


You had 15 spell levels left.
You knew the following spells:

 Your Spells              Type           Power        Failure   Level  Hunger
a - Magic Dart            Conj           #...         61%         1    N/A

Your spell library contained the following spells:

 Spells                   Type           Power        Failure   Level  Hunger
 Flame Tongue             Conj/Fire      #....        65%         1    N/A
 Blink                    Tloc           N/A          75%         2    N/A
 Call Imp                 Summ           #.......     75%         2    N/A
 Throw Flame              Conj/Fire      #.....       80%         2    N/A
 Slow                     Hex            #.......     83%         2    N/A
 Conjure Flame            Conj/Fire      #.......     95%         3    N/A
 Mephitic Cloud           Conj/Pois/Air  #.......     96%         3    N/A
 Inner Flame              Hex/Fire       #.......     97%         3    N/A
 Sticky Flame             Conj/Fire      #.......     100%        4    N/A
 Fireball                 Conj/Fire      #.........   100%        5    N/A

Dungeon Overview and Level Annotations

Branches:
Dungeon (8/15)             Temple (1/1) D:4            Lair (1/6) D:8

Altars:
Ashenzari
Elyvilon
Gozag
Hepliaklqana
Kikubaaqudgha
Makhleb
Trog
Vehumet
Wu Jian
Yredelemnul
Zin
The Shining One

Shops:
D:8 [


Innate Abilities, Weirdness & Mutations

You do not eat or drink.
Your flesh is vulnerable to fire.
You are immune to poison.
Your flesh is cold resistant. (rC+)
You are immune to negative energy. (rN+++)
You are immune to unholy pain and torment.
You can survive without breathing.


Message History

A wolf comes into view.
The wolf closely misses you. The wolf barely misses you.
A wolf comes into view.
The rime drake bites you.
* * * LOW HITPOINT WARNING * * *
The wolf bites you!
* * * LOW HITPOINT WARNING * * *
You closely miss the rime drake.
The rime drake is severely wounded.
The wolf howls!
You hit the wolf. You closely miss the wolf. You hit the wolf.
Lightning courses through the wolf! The ice encasing you melts away.
You hear a howl!
The wolf bites you but does no damage. The wolf closely misses you.
A wolf comes into view.
The wolf bites you but does no damage. The wolf bites you.
* * * LOW HITPOINT WARNING * * *
The wolf bites you!
You die...

#### ... #..
..# ##..##
#.?..##
#.....##
#..†@h.#
#..hkh##
#....h#
#.....>.
#......?.k
#....#.hh..h
#.....#.....
##..## ...h.
#.. .....


You could see a rime drake and 7 wolves.

Vanquished Creatures
  A hippogriff (D:8)
  A hungry ghost (D:7)
  2 wargs (D:8)
  A hornet zombie (D:7)
  2 black bears (D:6)
  A phantom (D:6)
  An eye of draining (D:8)
  3 wolves (Lair:1)
  2 sky beasts (D:8)
  2 ogres
  A centaur (D:7)
  Blork the orc (D:6)
  8 bullfrogs
  A water moccasin zombie (D:8)
  2 scorpions
  A howler monkey (D:4)
  A bullfrog zombie (D:5)
  4 crimson imps
  3 hounds
  A quasit (D:6)
  A centaur skeleton (D:7)
  4 orc priests
  5 orc wizards
  2 bullfrog skeletons
  Jessica (D:2)
  Natasha (D:2)
  2 iguanas
  7 worker ants
  A hound zombie (D:5)
  Robin (D:2)
  12 adders
  2 oozes
  2 adder skeletons (D:8)
  3 worms
  A dart slug (D:1)
  A leopard gecko (D:1)
  30 orcs
  3 ball pythons
  6 bats
  7 giant cockroaches
  15 goblins
  11 hobgoblins
  9 jackals
  15 kobolds
  2 quokkas
  2 frilled lizards
  A goblin skeleton (D:4)
  A hobgoblin zombie (D:4)
  3 kobold zombies (D:4)
  2 orc skeletons (D:4)
  An orc zombie (D:4)
  2 quokka skeletons
  A quokka zombie (D:5)
  9 rats
205 creatures vanquished.

Notes
Turn   | Place    | Note
-------+----------+-------------------------------------------
     0 | D:1      | Essalna the Mummy Wizard began the quest for the Orb.
     0 | D:1      | Reached XP level 1. HP: 13/13 MP: 5/5
   276 | D:1      | Reached skill level 1 in Fighting
   322 | D:1      | Reached XP level 2. HP: 17/21 MP: 1/7
   463 | D:1      | Reached skill level 1 in Unarmed Combat
   899 | D:1      | Reached XP level 3. HP: 19/27 MP: 8/8
  1037 | D:1      | Reached skill level 2 in Fighting
  1351 | D:2      | Noticed Robin
  1888 | D:2      | Killed Robin
  1888 | D:2      | Reached XP level 4. HP: 33/34 MP: 10/10
  1984 | D:2      | Noticed Jessica
  2005 | D:2      | Killed Jessica
  2161 | D:2      | Noticed Natasha
  2171 | D:2      | Killed Natasha
  2171 | D:2      | Reached skill level 3 in Fighting
  2269 | D:2      | Reached XP level 5. HP: 32/41 MP: 11/11
  2961 | D:3      | Noticed an ogre
  3273 | D:3      | HP: 2/42 [ogre/+0 giant club (12)]
  3278 | D:3      | Killed an ogre
  3278 | D:3      | Reached skill level 4 in Fighting
  3278 | D:3      | Reached XP level 6. HP: 3/48 MP: 8/12
  3814 | D:4      | Found a glowing golden altar of the Shining One.
  3896 | D:4      | Reached skill level 1 in Armour
  3896 | D:4      | Reached XP level 7. HP: 50/55 MP: 13/13
  3968 | D:4      | Found a staircase to the Ecumenical Temple.
  4039 | D:4      | Reached skill level 5 in Fighting
  4042 | Temple   | Entered the Ecumenical Temple
  4087 | Temple   | Became a worshipper of Ashenzari the Shackled
  4330 | D:4      | Found a white marble altar of Elyvilon.
  4460 | D:5      | Entered Level 5 of the Dungeon
  4508 | D:5      | Found a bloodstained altar of Trog.
  5292 | D:6      | Reached XP level 8. HP: 59/64 MP: 14/14
  5328 | D:6      | Noticed Blork the orc
  5339 | D:6      | Killed Blork the orc
  5339 | D:6      | Reached skill level 6 in Fighting
  6170 | D:7      | Reached skill level 7 in Fighting
  6333 | D:7      | Reached * piety under Ashenzari
  6567 | D:7      | Reached XP level 9. HP: 72/72 MP: 15/15
  6621 | D:7      | Found a hazy altar of Hepliaklqana.
  6656 | D:7      | Reached skill level 5 in Dodging
  7207 | D:8      | Reached skill level 5 in Armour
  7278 | D:7      | Reached skill level 8 in Fighting
  7785 | D:8      | Found a staircase to the Lair.
  8076 | D:8      | Found Meogus's Antique Armour Emporium.
  8111 | D:8      | Bought a buckler for 130 gold pieces
  8111 | D:8      | Bought an ancient cloak for 275 gold pieces
  8116 | D:8      | Identified the +0 cloak of the Elven Halls {Regen+ Stlth+}
                  | (You bought it in a shop on level 8 of the Dungeon)
  8318 | Lair:1   | Entered Level 1 of the Lair of Beasts
  8319 | Lair:1   | Noticed a rime drake
  8333 | Lair:1   | Mangled by a wolf

Levels and vault maps discovered:
D:1:      onia_arrival_handbag, layout_loops_corners
D:2:      layout_basic, first_ration, kennysheep_generic_room_12, uniq_robin,
          uniq_natasha, uniq_jessica
D:3:      layout_rooms
D:4:      layout_cave_pools, elyvilon_altar_3, nicolae_tso_besieged_by_evil,
          temple_doors_e, kennysheep_generic_room_4
D:5:      layout_rooms, bloody_trog
D:6:      layout_basic, uniq_blork_the_orc
D:7:      layout_layer_cave, overflow_temple_1_default
D:8:      layout_cave_pools, erik_lair_orcish_takeover, serial_shops,
          nicolae_shop_waterfront
Temple:   regret_index_temple_sphere_string
Lair:1:   layout_cave_pods, grunt_forest_large_clearings

Skill      XL: |  1  2  3  4  5  6  7  8  9 |
---------------+----------------------------+-----
Fighting       | 1 2 3 4 5 7 8 |  8.5
Unarmed Combat | 1 2 3 |  3.7
Dodging        | 2 3 4 6 |  6.2
Armour         | 1 2 4 5 |  5.8
Stealth        | |  1.5
Shields        | |  0.8
Spellcasting   | |  4.0
Conjurations   | |  0.7
Summonings     | |  0.7
Translocations | |  0.7

Action                   |  1- 3 |  4- 6 |  7- 9 || total
-------------------------+-------+-------+-------++-------
Melee: Unarmed           |    36 |       |       ||    36
       Dagger            |   157 |    63 |       ||   220
       Punch             |     2 |     2 |     5 ||     9
       Short sword       |       |   203 |   410 ||   613
       Hand axe          |       |       |   199 ||   199
Throw: Dart              |     4 |       |     2 ||     6
 Cast: Magic Dart        |    20 |     9 |       ||    29
Invok: Curse Item        |       |       |     1 ||     1
  Use: Scroll            |       |       |     5 ||     5
 Stab: Sleeping          |     2 |     3 |       ||     5
Armor: Robe              |    70 |    99 |    40 ||   209
       Scale mail        |       |       |   305 ||   305
Dodge: Dodged            |   137 |   173 |   318 ||   628
Block: Buckler           |       |       |     2 ||     2

Table legend:
 A = Non-vault XP
 B = Vault XP
 C = Vault XP percentage of total XP
 D = Non-vault monster count
 E = Vault monster count
 F = Vault count percentage of total count
                 A         B        C        D         E       F
            +---------+---------+-------+---------+---------+-------
      Total |    4093 |    1114 |  21.4 |     164 |      41 |  20.0
            +---------+---------+-------+---------+---------+-------
        D:1 |      49 |      30 |  38.0 |      25 |      16 |  39.0
        D:2 |      81 |      93 |  53.4 |      17 |       4 |  19.0
        D:3 |     209 |       0 |   0.0 |      23 |       0 |   0.0
        D:4 |     292 |      54 |  15.6 |      16 |       9 |  36.0
        D:5 |     343 |       0 |   0.0 |      15 |       0 |   0.0
        D:6 |     875 |      90 |   9.3 |      14 |       1 |   6.7
        D:7 |    1096 |       0 |   0.0 |      23 |       0 |   0.0
        D:8 |    1148 |     502 |  30.4 |      31 |       8 |  20.5
     Lair:1 |       0 |     345 | 100.0 |       0 |       3 | 100.0
            +---------+---------+-------+---------+---------+-------
